 Dungeon Crawl Stone Soup version 0.18-a0-123-g3323726 (webtiles) character file.

63 Proton the Sneak (level 3, -3/18 HPs)
             Began as a Spriggan Assassin on Nov 20, 2015.
             Slain by Crazy Yiuf
             ... wielding a +4 quarterstaff of chaos
              (20 damage)
             ... on level 2 of the Dungeon.
             The game lasted 00:03:15 (2128 turns).

Proton the Sneak (Spriggan Assassin)                Turns: 2128, Time: 00:03:16

Health: -3/18      AC:  3    Str:  7    XL:     3   Next: 89%
Magic:  4/4        EV: 18    Int: 12    God:
Gold:   124        SH:  0    Dex: 18    Spells: 0 memorised, 2 levels left

rFire  . . .     SeeInvis +     a - +2 dagger
rCold  . . .     Clarity  .     c - +0 robe
rNeg   . . .     SustAt   .     (shield restricted)
rPois  .         Gourm    .     (helmet restricted)
rElec  .         Spirit   .     d - +0 cloak
rCorr  .         Warding  .     (gloves unavailable)
rMut   .         Stasis   .     (boots unavailable)
MR     .....                    (no amulet)
Stlth  ++++......               (no ring)
                                (no ring)

@: very quick, not resistant to hostile enchantments, stealthy
A: unfitting armour, see invisible, herbivore 3, speed 3, slow metabolism 2
a: no special abilities


You were on level 2 of the Dungeon.
You were not hungry.

You visited 1 branch of the dungeon, and saw 2 of its levels.

You collected 124 gold pieces.

Inventory:

Hand Weapons
 a - a +2 dagger (weapon)
 b - a +0 blowgun
Missiles
 e - 20 poisoned needles
 f - 2 curare-tipped needles
Armour
 c - a +0 robe (worn)
 d - a +0 cloak (worn)
Scrolls
 h - a scroll of fear {unknown}
 j - a scroll of random uselessness {unknown}
 m - a scroll of enchant weapon {unknown}
 n - a scroll of identify {unknown}
 p - a scroll of teleportation {unknown}
Potions
 i - 4 potions of curing {unknown}
 k - 2 potions of lignification {unknown}
 l - a potion of invisibility {unknown}
 o - a potion of haste {unknown}
Comestibles
 g - a bread ration
 q - a slice of pizza


   Skills:
 + Level 2.1 Fighting
 + Level 3.1 Short Blades
 - Level 2.0 Throwing
 + Level 2.8 Dodging
 + Level 6.6 Stealth


You had 2 spell levels left.
You didn't know any spells.

Dungeon Overview and Level Annotations

Branches:
Dungeon (2/15)

Altars:
Okawaru

Annotations:
D:2 Crazy Yiuf


Innate Abilities, Weirdness & Mutations

You are tiny and cannot use many weapons and most armour.
You have supernaturally acute eyesight.
You are a herbivore.
You cover ground extremely quickly.
You need consume almost no food.


Message History

The giant cockroach is heavily wounded.
The giant cockroach closely misses you.
The giant cockroach completely misses you.
You hit the giant cockroach.
You kill the giant cockroach!
A worm comes into view.
A worm is nearby!
The helpless worm fails to defend itself.
You impale the worm!!
You kill the worm!
Found three maces and a runed mace.
Crazy Yiuf the Enlightened comes into view.
He is wielding a quarterstaff of chaos.
Found a mace.
You see here a mace.
You see here a mace.
Crazy Yiuf shouts!
Crazy Yiuf hits you with a quarterstaff of chaos.
You are electrocuted!
Ouch! That really hurt!
You die...

..... . .... ##♣♣♣♣♣ ..##...
###...♣.♣♣♣##### ...>...
##......♣))♣#...# .......
#......♣♣♣♣...@g# ...........
#..#..♣♣ ♣♣#).)# ...........
#.###♣♣ ##### #.........## #.#
#.........## #.# ##.........##
#.# ###............ #.#
####..#.........##
#.############.............).##
#..............................


You could see Crazy Yiuf.

Vanquished Creatures
  An adder (D:2)
  2 worms (D:2)
  A giant gecko (D:1)
  3 giant cockroaches
  6 goblins
  8 hobgoblins
  6 jackals (D:1)
  5 bats
  A giant newt (D:1)
  7 kobolds
  5 rats
45 creatures vanquished.

Notes
Turn   | Place    | Note
--------------------------------------------------------------
     0 | D:1      | Proton the Spriggan Assassin began the quest for the Orb.
     0 | D:1      | Reached XP level 1. HP: 10/10 MP: 2/2
    31 | D:1      | Reached skill level 6 in Stealth
   326 | D:1      | Reached XP level 2. HP: 4/15 MP: 3/3
  1072 | D:1      | Reached XP level 3. HP: 18/18 MP: 4/4
  1919 | D:2      | Found an iron altar of Okawaru.
  2123 | D:2      | Noticed Crazy Yiuf
  2128 | D:2      | Slain by Crazy Yiuf

Vault maps used:
D:1:      minmay_arrival_checkered_box, minmay_misc_feat_nine_boxes,
          minmay_ruptured
D:2:      old_standard_altar, uniq_crazy_yiuf_cottage

Action                   || total
-------------------------++-------
Melee: Dagger            ||   168
 Stab: Sleeping          ||    14
       Distracted        ||     2
